 Dungeon Crawl Stone Soup version 0.31-a0-256-g80acddb972 (webtiles) character file.

Game seed: 17056470572885047759

2 British0li the Sneak (level 1, 0/18 HPs)
             Began as a Demonspawn Delver on July 13, 2023.
             Slain by a white imp (1 damage)
             ... on level 5 of the Dungeon.
             The game lasted 00:00:03 (35 turns).

British0li the Sneak (Demonspawn Delver)              Turns: 35, Time: 00:00:04

Health: 0/18       AC:  3    Str: 12    XL:     1   Next: 33%
Magic:  1/1        EV: 11    Int: 11    God:
Gold:   0          SH:  0    Dex: 14    Spells: 0/0 levels left

rFire   . . .        a - +0 falchion
rCold   . . .        (no shield)
rNeg    . . .        b - +0 leather armour
rPois   .            (no helmet)
rElec   .            (no cloak)
rCorr   .            (no gloves)
SInv    .            (no boots)
Will    .....        (no amulet)
Stlth   ++           (no ring)
HPRegen 0.23/turn    (no ring)
MPRegen 0.07/turn

%: no passive effects
@: no status effects
A: no striking features
a: no special abilities


You were on level 5 of the Dungeon.
You visited 1 branch of the dungeon, and saw 1 of its levels.

Inventory:

Hand Weapons
 a - a +0 falchion (weapon)
Armour
 b - a +0 leather armour (worn)
Wands
 g - a wand of digging (3)
Scrolls
 c - a scroll of fog
 d - a scroll of revelation
 e - a scroll of fear
Potions
 f - a potion of haste


   Skills:
 + Level 3.0 Fighting
 + Level 1.8 Long Blades
 + Level 1.8 Dodging
 + Level 4.5 Stealth


You couldn't memorise any spells.
You didn't know any spells.
Your spell library was empty.

Dungeon Overview and Level Annotations

Branches:
Dungeon (5/15)
 Temple: D:4-7

Altars:


Message History

They say the Orb of Zot lies within this dungeon, but they say a lot of things.
Press ? for a list of commands and other information.
Found a stone staircase leading down.
You open the door.
There is an open door here.
You open the door.
A dart slug comes into view.
Found a hand axe.
There is an open door here.
A dart slug is nearby!
A dart slug is nearby!
The helpless dart slug fails to defend itself.
You hit the dart slug.
The dart slug is lightly wounded.
The dart slug barely misses you.
You hit the dart slug.
The dart slug is severely wounded.
The dart slug closely misses you.
You hit the dart slug.
The dart slug is almost dead.
The dart slug bites you but does no damage.
A dart slug is nearby!
You hit the dart slug.
You kill the dart slug!
Found an escape hatch in the ceiling.
No target in view!
A white imp comes into view.
The white imp shouts, "Flee, thou currish doghearted measle!"
A white imp is nearby!
The white imp gestures at you. The puff of frost hits you!
You hit the white imp.
The white imp is heavily wounded.
The white imp gestures at you. The puff of frost hits you!
Ouch! That really hurt!
* * * LOW HITPOINT WARNING * * *
The white imp puffs mist at you. The white imp hits you.
You die...
P

.....# .P....# .
.#....# .#.
.....#
...####....#
#..........#
#...#..5..#
#<....@..#
...#.!....#
##...#####
#........#
#.....##.####
#.....##....##
#.....##.....####
#.....##........#
#.....##..).....#


You could see a white imp.

Vanquished Creatures
  A dart slug (D:5)
1 creature vanquished.

Notes
Turn   | Place    | Note
-------+----------+-------------------------------------------
     0 | D:5      | British0li the Demonspawn Delver began the quest for the
                  | Orb.
     0 | D:5      | Reached XP level 1. HP: 18/18 MP: 1/1
    35 | D:5      | Slain by a white imp

Illustrated notes

Levels and vault maps discovered:
D:5:      layout_basic, kennysheep_little_box, nicolae_hepliaklqana_hazy_memory,
          marbit_many_paths, minmay_starry_boxes

Action                     || total
---------------------------++-------
  Melee: Falchion          ||     5
   Stab: Sleeping          ||     1
 Armour: Leather armour    ||     1
  Dodge: Dodged            ||     2

Table legend: (Time is in decaauts)
 A = Elapsed time spent in this place.
 B = Non-inter-level travel time spent in this place.
 C = Inter-level travel time spent in this place.
 D = Time resting spent in this place.
 E = Time spent auto-exploring this place.
 F = Levels seen in this place.
 G = Mean time per level.
                   A        B        C        D        E       F      G
               +--------+--------+--------+--------+--------+-----+--------+
         Total |     35 |     35 |      0 |      0 |     21 |   1 |   35.0 |
       Dungeon |     35 |     35 |      0 |      0 |     21 |   1 |   35.0 |
               +--------+--------+--------+--------+--------+-----+--------+

Top non-repeatable levels by time:
     D:5: 35 daAuts
